 Dungeon Crawl Stone Soup version 0.23.2-33-g5129a83184 (webtiles) character file.

Game seed: 7506060971571543056

189 DildoBatman the Conjurer (level 6, -2/41 HPs)
             Began as a Formicid Wizard on July 6, 2019.
             Slain by an orc
             ... wielding a +0 hand axe
              (7 damage)
             ... on level 4 of the Dungeon.
             The game lasted 00:11:31 (3190 turns).

DildoBatman the Conjurer (Formicid Wizard)          Turns: 3190, Time: 00:11:31

Health: -2/41      AC:  3    Str: 11    XL:     6   Next: 0%
Magic:  3/10       EV: 12    Int: 20    God:
Gold:   136        SH:  5    Dex:  9    Spells: 4/11 levels left

rFire    . . .     SeeInvis +   b - staff of conjuration
rCold    . . .     Gourm    .   (no shield)
rNeg     . . .     Faith    .   f - +0 robe
rPois    .         Spirit   .   (helmet unavailable)
rElec    .         Reflect  +   (no cloak)
rCorr    .         Harm     .   (no gloves)
MR       .....                  w - +0 pair of boots
Stlth    ++........             D - +5 amulet of reflection
HPRegen  0.13/turn              (no ring)
MPRegen  0.12/turn              (no ring)

@: lethally poisoned (-2 -> -12), very slightly contaminated
A: permanent stasis, dig shafts and tunnels, four strong arms, antennae 3
a: Dig, Shaft Self


You were on level 4 of the Dungeon.
You were not hungry.

You visited 1 branch of the dungeon, and saw 4 of its levels.

You collected 136 gold pieces.

Inventory:

Hand Weapons
 a - a +2 short sword of venom
 A - a +1 mace of holy wrath
Missiles
 c - 86 arrows
 e - 74 stones (quivered)
 x - 8 tomahawks
 E - 15 bolts
Armour
 f - a +0 robe (worn)
 w - a +0 pair of boots (worn)
Magical Staves
 b - an uncursed staff of conjuration (weapon)
Jewellery
 D - a +5 amulet of reflection (around neck)
 F - an uncursed ring of positive energy {unknown}
Wands
 s - a wand of scattershot (2)
Scrolls
 g - 2 scrolls of random uselessness {unknown}
 i - 2 scrolls of blinking {unknown}
 j - 4 scrolls of immolation {unknown}
 k - a scroll of enchant weapon {unknown}
 l - 3 scrolls of identify {unknown}
 m - a scroll of amnesia {unknown}
 p - 2 scrolls of teleportation {unknown}
 r - 3 scrolls of remove curse {unknown}
 B - a scroll of fog {unknown}
 C - 2 scrolls of fear {unknown}
Potions
 h - 2 potions of brilliance {unknown}
 n - 3 potions of curing {unknown}
 o - a potion of magic {unknown}
 q - 2 potions of degeneration {unknown}
 t - a potion of flight {unknown}
 u - a potion of resistance {unknown}
 y - a potion of invisibility {unknown}
 z - a potion of lignification {unknown}
Comestibles
 d - 2 chunks of flesh
 v - 7 rations


   Skills:
 - Level 1.7 Dodging
 * Level 2.5 Stealth
 - Level 3.2 Spellcasting
 - Level 4.8 Conjurations
   Level 1.0 Summonings
   Level 0.8 Translocations
 * Level 0.2 Fire Magic
 * Level 0.1 Air Magic
 * Level 0.3 Poison Magic


You had 4 spell levels left.
You knew the following spells:

 Your Spells              Type           Power        Failure   Level  Hunger
a - Conjure Flame         Conj/Fire      ###.....     14%         3    ###....
c - Magic Dart            Conj           ####         1%          1    None
e - Mephitic Cloud        Conj/Pois/Air  ###.....     21%         3    ###....

Your spell library contained the following spells:

 Spells                   Type           Power        Failure   Level  Hunger
 Call Imp                 Summ           #.......     14%         2    ##.....
 Slow                     Hex            #.......     22%         2    ##.....
 Blink                    Tloc           Unusable     N/A         2    N/A

Dungeon Overview and Level Annotations

Branches:
Dungeon (4/15)
 Temple: D:4-7

Altars:
Makhleb
Okawaru
Uskayaw
Wu Jian
The Shining One

Annotations:
D:1 Sigmund
D:2 exclusions: crimson imp and 1 more exclusion
D:3 1 runed translucent door, 1 exclusion, Alannah's ghost, amateur DsHu


Innate Abilities, Weirdness & Mutations

You cannot be hasted, slowed, berserked, paralysed or teleported.
You can dig through walls and to a lower floor.
Your four strong arms can wield two-handed weapons with a shield.
You have a pair of large antennae on your head. (SInv)


Message History

The magic dart hits you!
There is a stone staircase leading down here.
You climb downwards.
An orc comes into view. It is wielding a +0 flail.
The orc shouts! x2
The adder bites you.
You are poisoned.
The adder poisons you! The adder bites you.
You are lethally poisoned!
The adder poisons you!
There is a stone staircase leading up, spattered with blood here.
Aiming: Scattershot
Press: ? - help, Shift-Dir - straight line, f - adder
Aim: an adder The burst of metal fragments hits the adder!
The adder is almost dead.
You feel sick. The orc hits you with a +0 hand axe!
You die...

#. ## ..# #. . ##
#..# #.#. ....
#$.# ##... ##....
#..##...##....
..........(#
#####.......##
.?.....##....##
#...@o.....#
#####.S.......#
.......รท......# {
##..##..[##.#.oo#
#
..#....#......#..#
#.
.......)###.......
##.##.##...#.##
..)....
##...o.##..##..#
.....! #.$..<.{###
##.# .$.$..


You could see an adder and 3 orcs.

Vanquished Creatures
  6 adders
  2 oozes
  A worm (D:2)
  5 dart slugs
  4 leopard geckos
  10 orcs
  2 ball pythons (D:3)
  2 giant cockroaches
  10 hobgoblins
  11 jackals (D:1)
  4 quokkas
  8 bats
  6 frilled lizards
  12 goblins
  4 kobolds
  10 rats
97 creatures vanquished.

Vanquished Creatures (others)
  An orc (D:4)
1 creature vanquished.

Grand Total: 98 creatures vanquished

Notes
Turn   | Place    | Note
-------+----------+-------------------------------------------
     0 | D:1      | DildoBatman the Formicid Wizard began the quest for the
                  | Orb.
     0 | D:1      | Reached XP level 1. HP: 13/13 MP: 4/4
     9 | D:1      | Reached skill level 1 in Conjurations
    61 | D:1      | Reached XP level 2. HP: 19/19 MP: 0/6
   314 | D:1      | Reached skill level 2 in Conjurations
   594 | D:1      | Reached XP level 3. HP: 24/24 MP: 1/7
   599 | D:1      | Learned a level 3 spell: Conjure Flame
   603 | D:1      | Learned a level 3 spell: Mephitic Cloud
   754 | D:1      | Reached skill level 3 in Conjurations
  1007 | D:1      | Reached XP level 4. HP: 30/30 MP: 0/8
  1245 | D:2      | Noticed Sigmund
  1511 | D:2      | Reached skill level 4 in Conjurations
  1511 | D:2      | Reached XP level 5. HP: 21/35 MP: 0/9
  1638 | D:2      | Found a hide-covered altar of Uskayaw.
  1646 | D:2      | Found a glowing golden altar of the Shining One.
  1849 | D:2      | Found a burning altar of Makhleb.
  1849 | D:2      | Found an ornate altar of the Wu Jian Council.
  2496 | D:3      | Found a runed translucent door.
  2499 | D:3      | Noticed Alannah's ghost (amateur DsHu)
  2656 | D:3      | Found an iron altar of Okawaru.
  2805 | D:4      | Noticed an ogre
  2960 | D:4      | Noticed an ogre
  3069 | D:4      | Reached XP level 6. HP: 41/41 MP: 4/10
  3190 | D:4      | Slain by an orc

Skill      XL: |  1  2  3  4 |
---------------+-------------+-----
Conjurations   | 1 2 3 4 |  4.8
Dodging        | |  1.7
Stealth        | |  2.5
Spellcasting   | |  3.2
Summonings     | |  1.0
Translocations | |  0.8
Fire Magic     | |  0.2
Air Magic      | |  0.1
Poison Magic   | |  0.3

Action                   |  1- 3 |  4- 6 || total
-------------------------+-------+-------++-------
Melee: Club              |     6 |       ||     6
       Short sword       |    15 |    62 ||    77
       Unarmed           |     1 |       ||     1
       Staff             |       |     1 ||     1
Throw: Stone             |     2 |     2 ||     4
 Cast: Magic Dart        |    61 |   116 ||   177
       Mephitic Cloud    |       |     1 ||     1
 Abil: Dig               |     3 |    14 ||    17
Evoke: Wand              |       |     1 ||     1
 Stab: Sleeping          |       |     1 ||     1
  Eat: Chunk             |       |     9 ||     9
Armor: Robe              |    15 |    21 ||    36
Dodge: Dodged            |    29 |    43 ||    72
Block: Other             |       |     3 ||     3
